Pancake, chaotic male elven Priest --- --- |..--..--- |........| ------ -.......---- --....--- -....d....---....*..| -- --------.)@.............-- |.............Gf..............| | --------------......|.|..-- -------......|---.| -..........)-| -- ---........| |......|.- |.....-- . ---....-- - |.......| -----.|..|.-- |.....|.---- |.<.----- --.-- --- Pancake the Acolyte Experience level: 5 Strength: 11 Dexterity: 17 Constitution: 16 Intelligence: 12 Wisdom: 12 Charisma: 10 Health: 0(35) Energy: 69(69) Def: 5 Gold: 611 Moves: 2588 Dungeon seed: b9aNdowkIHg3ycjk Game ID: Pancake_1614381008 Your Inventory: Coins $ - 611 gold pieces Weapons a - a blessed +1 mace (alternate weapon; not wielded) w - 14 +0 crossbow bolts (in quiver) F - a +0 dwarvish mattock (weapon in hands) I - 4 blessed +0 darts J - a +0 crossbow Armor e - a +1 robe (being worn) n - a +0 small shield r - a +0 orcish helm (being worn) N - a +0 pair of low boots (being worn) Comestibles c - a clove of garlic d - a sprig of wolfsbane q - 4 food rations s - 2 fortune cookies t - a tripe ration A - a banana C - a pancake Scrolls j - a cursed scroll of teleportation p - a scroll of blank paper x - a scroll of light H - a scroll of create monster K - a scroll of earth Spellbooks f - a spellbook of cure blindness g - a spellbook of healing m - a spellbook of create monster Potions b - 4 potions of holy water k - a potion of gain ability Rings o - a cursed ring of aggravate monster Wands G - a wand of cold (0:7) Tools h - a bugle D - 7 tallow candles (0:200) Gems y - 3 worthless pieces of black glass Spells and supernatural/magical abilities: Name Level Category Fail Memory h - healing 1 healing 0% 88% B - cure blindness 2 healing 87% 88% O - create monster 2 clerical 0% 96% W - pray for help -- divine ? -- X - turn undead -- divine ? -- Your skills at the end: Fighting Skills Weapon Skills mace [Basic] Spellcasting Skills clerical spells [Basic] Final Attributes: You were piously aligned. You were sleep resistant. You had infravision. You were lucky. You are dead. Vanquished creatures: a small mimic a shrieker a gnome lord a gnomish wizard a floating eye a dwarf 2 hill orcs 2 orc zombies a dwarf zombie 2 iguanas a gas spore 3 giant rats a cave spider a yellow mold a green mold 8 gnomes 16 jackals a fox 2 kobolds 4 goblins 2 grid bugs 2 kobold zombies 2 newts 57 creatures vanquished. Voluntary challenges: You were an atheist. You used a wielded weapon 68 times, starting on turn 75. You read items or engraved 6 times, starting on turn 1738. You never genocided any monsters. You never polymorphed an object. You never changed form. You used no wishes. You never split a pudding. You never wrote Elbereth's name. You never violated your personal moral code. Dungeon overview: The Dungeons of Doom: levels 1 to 7 Level 1 a long staircase Level 2 a general store Level 3 a general store Level 4 a fountain stairs to The Gnomish Mines Level 5 Level 6 a fountain Level 7 The Gnomish Mines: Level 5 <- You were here stairs to The Dungeons of Doom History has recorded: On T:1 you entered the Dungeons of Doom to retrieve the Amulet of Yendor! On T:370 you reached level 2 of The Dungeons of Doom. On T:496 you advanced to experience level 2. On T:497 you advanced to experience level 3. On T:737 you reached level 3 of The Dungeons of Doom. On T:1337 you reached level 4 of The Dungeons of Doom. On T:1433 you advanced to experience level 4. On T:1698 you reached level 5 of The Dungeons of Doom. On T:1985 you reached level 6 of The Dungeons of Doom. On T:2246 you advanced to experience level 5. On T:2260 you reached level 7 of The Dungeons of Doom. On T:2541 you reached level 1 of The Gnomish Mines. Score breakdown: Gold: 611 ( 9479 points) Experience: 5 levels (11141 points) Exploration: 7 levels ( 14.58%) (10718 points) Discoveries: 7 items ( 2.44%) ( 4685 points) Valuables value: (no points given unless you survive) Artifact value: 0 ( 0 points) Variety of kills: 23 monsters ( 6.04%) ( 7370 points) Turncount: 2588 turns ( -381 points) Survival: died (score multiplied by 80%) Total score: 34409 Latest messages: Never mind. You drop a crossbow. Your movements are now unencumbered. Qwerty eats a gnome corpse. You see here a scroll labeled VE FORBRYDERNE. K - a scroll labeled VE FORBRYDERNE. You see here 11 rocks. You see here a black gem. y - a black gem. Qwerty picks up a crossbow. You see here a crossbow bolt. w - a crossbow bolt (in quiver). Qwerty drops a crossbow. You kill the gnome! You miss the dingo. The dingo bites! You hit the dingo! The dingo just misses! The gnome hits! You miss the dingo. The dingo bites! (2x) You die... Final status: Goodbye Pancake the Priest, killed by a dingo... You died in The Gnomish Mines on dungeon level 5 with 34409 points, and 611 pieces of gold, after 2588 moves. You were level 5 with a maximum of 35 hit points when you died.